 Dungeon Crawl Stone Soup version 0.23-a0-622-g59b4ea9 (webtiles) character file.

28 Leeroy the Charmwright (level 3, 0/28 HPs)
             Began as a Barachi Skald on Dec 23, 2018.
             Slain by a quokka (1 damage)
             ... on level 2 of the Dungeon.
             The game lasted 00:02:49 (642 turns).

Leeroy the Charmwright (Barachi Skald)               Turns: 642, Time: 00:02:50

Health: 0/28       AC:  3    Str: 12    XL:     3   Next: 12%
Magic:  3/6        EV: 12    Int: 14    God:
Gold:   24         SH:  0    Dex: 11    Spells: 3/6 levels left

rFire    . . .     SeeInvis .   a - +0 falchion
rCold    . . .     Gourm    .   (no shield)
rNeg     . . .     Faith    .   b - +0 leather armour
rPois    .         Spirit   .   (no helmet)
rElec    .         Reflect  .   (no cloak)
rCorr    .         Harm     .   (no gloves)
MR       .....                  (no boots)
Stlth    +.........             (no amulet)
HPRegen  0.09/turn              (no ring)
MPRegen  0.10/turn              (no ring)

@: infused, slow
A: +LOS, swims, slowness 1, strong legs 1
a: Hop


You were on level 2 of the Dungeon.
You were not hungry.

You visited 1 branch of the dungeon, and saw 2 of its levels.

You collected 24 gold pieces.

Inventory:

Hand Weapons
 a - a +0 falchion (weapon)
 o - a +0 short sword
Missiles
 g - 5 javelins
 h - 15 bolts
 i - 53 stones (quivered)
 p - 8 needles of frenzy
Armour
 b - a +0 leather armour (worn)
Jewellery
 c - an uncursed ring of see invisible {unknown}
Scrolls
 e - a scroll of magic mapping {unknown}
 k - 3 scrolls of blinking {unknown}
 l - 3 scrolls of random uselessness {unknown}
 n - a scroll of identify {unknown}
Potions
 j - a potion of lignification {unknown}
 m - a potion of mutation {unknown}
Comestibles
 d - 4 rations
 f - a chunk of flesh


   Skills:
 + Level 2.4 Fighting
 * Level 3.2 Long Blades
 * Level 1.8 Armour
 - Level 2.2 Dodging
 + Level 2.3 Spellcasting
 + Level 3.8 Charms


You had 3 spell levels left.
You knew the following spells:

 Your Spells              Type           Power        Failure   Level  Hunger
a - Infusion              Chrm           ##..         6%          1    #......
b - Shroud of Golubria    Chrm/Tloc      #.........   21%         2    ###....

Your spell library contained the following spells:

 Spells                   Type           Power        Failure   Level  Hunger
 Song of Slaying          Chrm           ##......     9%          2    ###....
 Regeneration             Chrm/Necr      #.........   36%         3    ###....
 Spectral Weapon          Hex/Chrm       #.......     36%         3    ###....


Dungeon Overview and Level Annotations

Branches:
Dungeon (2/15)

Altars:


Innate Abilities, Weirdness & Mutations

Shadows flee at your approach. (+LOS)
You can swim through water.
You cover ground slowly.
You can hop short distances.


Message History

Cast which spell? (? or * to list) Space distorts slightly along a thin shroud covering your body.
The leopard gecko closely misses you.
The quokka bites you but does no damage.
Casting: Shroud of Golubria (safe; 21% risk of failure)
Confirm with . or Enter, or press ? or * to list all spells.
Okay, then.
Casting: Shroud of Golubria (safe; 21% risk of failure)
Confirm with . or Enter, or press ? or * to list all spells.
You begin infusing your attacks with magical energy.
The leopard gecko bites you but does no damage.
The quokka bites you.
* * * LOW HITPOINT WARNING * * *
You closely miss the leopard gecko.
Your shroud bends the leopard gecko's attack away.
The quokka barely misses you. The leopard gecko bites you.
* * * LOW HITPOINT WARNING * * *
Your shroud falls apart!
The quokka bites you.
You die...

#... ..#
.##########.# #
............####.####
#....<........
#.#..†....###.
####.....###.#
#.....>...# #
#...@.....#
#..rl.....#
#...w.....#
#.........##
#............
#[........###
#..!......#
...........#
..####...####


You could see a worm, a leopard gecko and a quokka.

Vanquished Creatures
  A dart slug (D:1)
  2 leopard geckos (D:1)
  A ball python (D:2)
  3 hobgoblins
  A bat (D:1)
  A frilled lizard (D:1)
  4 goblins (D:1)
  5 kobolds
  5 rats (D:1)
23 creatures vanquished.

Notes
Turn   | Place    | Note
-------+----------+-------------------------------------------
     0 | D:1      | Leeroy the Barachi Skald began the quest for the Orb.
     0 | D:1      | Reached XP level 1. HP: 17/17 MP: 3/3
   120 | D:1      | Reached XP level 2. HP: 20/23 MP: 5/5
   124 | D:1      | Learned a level 2 spell: Shroud of Golubria
   482 | D:1      | Reached XP level 3. HP: 20/28 MP: 6/6
   642 | D:2      | HP: 1/28 [leopard gecko (3)]
   642 | D:2      | Slain by a quokka

Vault maps used:
D:1:      eino_arrival_water_cross, minmay_misc_feat_doors,
          minmay_misc_feat_enclosed, lemuel_old_faithful
D:2:      gammafunk_temple_overflow_statue, first_ration

Skill      XL: |  1  2 |
---------------+-------+-----
Long Blades    | 3 |  3.2
Fighting       | |  2.4
Armour         | |  1.8
Dodging        | |  2.2
Spellcasting   | |  2.3
Charms         | |  3.8

Action                   || total
-------------------------++-------
Melee: Falchion          ||    81
Throw: Stone             ||     2
 Cast: Shroud of Golubri ||     2
       Infusion          ||     2
Armor: Leather armour    ||    31
Dodge: Dodged            ||    79
       Rpst.: Falchion   ||    28

Table legend:
 A = Non-vault XP
 B = Vault XP
 C = Vault XP percentage of total XP
 D = Non-vault monster count
 E = Vault monster count
 F = Vault count percentage of total count
                 A         B        C        D         E       F
            +---------+---------+-------+---------+---------+-------
      Total |      40 |       0 |   0.0 |      23 |       0 |   0.0
            +---------+---------+-------+---------+---------+-------
        D:1 |      34 |       0 |   0.0 |      20 |       0 |   0.0
        D:2 |       6 |       0 |   0.0 |       3 |       0 |   0.0
            +---------+---------+-------+---------+---------+-------
